AoeStats
← Iguano Pop

Arabian Desert

509040405Analyzed
1v1 RM · 7d ago on Sep 25, 2026· 40m 16s· 2 players
Game mode
Random Map
Map size
Tiny (2 player)
Population
200
Speed
Normal
Resources
Standard
Victory
Conquest
Starting age
Dark Age
Ending age
Imperial Age
RankedLock teamsTeams togetherTeam positionsShared explorationLock speedFull tech treeHidden civsTurbo modeCheats
Victory
Defeat
🇿🇦 Burgundians · South Africa
1553
+8
🇲🇽 Mongols · Mexico
1372
-8
takisco
6:11 Loom
8:48 Feudal Age
8:03 Double-Bit Axe
9:50 Bow Saw
20:24 Castle Age
18:58 Gold Mining
18:51 Horse Collar
20:08 Scale Barding Armor
22:07 Forging
23:56 Two-Man Saw
25:03 Fletching
25:48 Elite Skirmisher
26:29 Padded Archer Armor
28:20 Heavy Plow
29:11 Chain Barding Armor
30:17 Bodkin Arrow
31:17 Ballistics
31:09 Stone Mining
32:49 Iron Casting
34:06 Leather Archer Armor
34:31 Wheelbarrow
38:36 Imperial Age
37:09 Husbandry
40:04 Plate Barding Armor
40:18 Bracer
41:19 Blast Furnace
41:22 Chemistry
Iguano Pop
6:37 Loom
9:55 Feudal Age
10:27 Double-Bit Axe
17:15 Forging
23:22 Castle Age
22:21 Town Watch
22:56 Fletching
23:18 Bloodlines
26:01 Husbandry
26:11 Bodkin Arrow
31:31 Padded Archer Armor
32:18 Thumb Ring
31:39 Pikeman
32:23 Horse Collar
40:54 Leather Archer Armor
Connection lost

Rejoining the realm…

Still unreachable

The connection could not be restored.

Session expired

The server has moved on; the page needs a fresh start.